 Dungeon Crawl Stone Soup version 0.27.0-66-gdc8fb28755 (webtiles) character file.

Game seed: 12546630384412176012

463 pkoi the Chopper (level 6, 0/51 HPs)
             Began as a Minotaur Gladiator on Aug 21, 2021.
             Succumbed to a water moccasin's poison
             ... on level 4 of the Dungeon.
             The game lasted 00:03:10 (4331 turns).

pkoi the Chopper (Minotaur Gladiator)               Turns: 4331, Time: 00:03:10

Health: 0/51       AC:  3    Str: 20    XL:     6   Next: 79%
Magic:  5/5        EV: 13    Int:  5    God:
Gold:   157        SH:  0    Dex: 12    Spells: 5/5 levels left

rFire    . . .     SeeInvis .   a - +0 war axe
rCold    . . .     Faith    .   (no shield)
rNeg     . . .     Spirit   .   b - +0 leather armour
rPois    +         Reflect  .   c - +0 hat
rElec    .         Harm     .   (no cloak)
rCorr    .         Rampage  .   (no gloves)
Will     .....                  (no boots)
Stlth    +.........             (no amulet)
HPRegen  0.17/turn              e - ring of poison resistance
MPRegen  0.09/turn              (no ring)

@: lethally poisoned (0 -> -8)
A: horns 2, retaliatory headbutt
a: no special abilities


You were on level 4 of the Dungeon.
You visited 1 branch of the dungeon, and saw 4 of its levels.

You collected 247 gold pieces.
You spent 90 gold pieces at shops.

Inventory:

Hand Weapons
 a - a +0 war axe (weapon)
Missiles
 d - 3 throwing nets
 f - 8 javelins (quivered)
 j - 8 boomerangs of dispersal
Armour
 b - a +0 leather armour (worn)
 c - a +0 hat (worn)
Jewellery
 e - a ring of poison resistance (left hand)
 h - an amulet of the acrobat
 i - a ring of see invisible
Scrolls
 g - 3 scrolls of identify


   Skills:
 + Level 3.5 Fighting
 * Level 7.6 Axes
 + Level 2.8 Throwing
 + Level 2.2 Armour
 + Level 4.1 Dodging


You had 5 spell levels left.
You didn't know any spells.
Your spell library was empty.

Dungeon Overview and Level Annotations

Branches:
Dungeon (4/15)
 Temple: D:4-7

Altars:

Shops:
D:2 !


Innate Abilities, Weirdness & Mutations

You have a pair of horns on your head.
You reflexively headbutt those who attack you in melee.


Message History

You slash the water moccasin!
The water moccasin is moderately wounded.
You feel extremely sick. The water moccasin bites you.
You are too injured to fight recklessly!
You are too injured to fight recklessly!
You slash the water moccasin! You headbutt the water moccasin.
The water moccasin is almost dead.
You feel very sick. The water moccasin bites you. x2
* * * LOW HITPOINT WARNING * * *
You barely miss the water moccasin.
Your headbutt misses the water moccasin.
The water moccasin is almost dead.
* * * LOW HITPOINT WARNING * * *
You feel very sick. The water moccasin closely misses you.
You barely miss the water moccasin. You headbutt the water moccasin.
You kill the water moccasin!
* * * LOW HITPOINT WARNING * * *
You feel very sick.
Your Armour skill increases to level 2!
Your Dodging skill increases to level 4!
Unknown command.
You aren't carrying any potions.
As you read the scroll labelled WIBIPP SAPP, it crumbles to dust.
The air around you briefly surges with heat, but it dissipates.
It was a scroll of immolation.
* * * LOW HITPOINT WARNING * * *
You feel sick.
Unknown command.
e - a ring of poison resistance (left hand)
* * * LOW HITPOINT WARNING * * *
You feel sick.
You start putting on your amulet.
You continue putting on your amulet of the acrobat.
Keep equipping yourself? [Y]es or [N]o only, please.
Keep equipping yourself?
You die...

.########............##.#
.#(.§§........####..###.#
.#§§§.................#.#
.§§§.........>....#.###.#
#§§§§..........##.#.# #.#
#§§§.###.####...#.#.#
#.§..# #.# #.#.#...#
#.§§.# #.# # #..#..#
#....# #.# # ##@#..#
#....# #.# #.##†.#.#####.
#....# #.#
#.............. #.....
... #.......####### ###
#....^†.......
#......(.##### #........#
..........# ##.........#


There were no monsters in sight!

Vanquished Creatures
  A water moccasin (D:4)
  A black bear (D:4)
  A water moccasin skeleton (D:4)
  A jelly (D:4)
  An orc priest (D:3)
  8 adders
  A worm (D:3)
  2 dart slugs (D:1)
  6 orcs (D:3)
  5 bats
  9 endoplasms
  3 giant cockroaches
  2 goblins
  6 hobgoblins
  7 jackals
  8 kobolds
  4 quokkas
  4 ball pythons
  4 frilled lizards
  A rat (D:1)
75 creatures vanquished.

Vanquished Creatures (others)
  8 withered plants (D:1)
8 creatures vanquished.

Grand Total: 83 creatures vanquished

Notes
Turn   | Place    | Note
-------+----------+-------------------------------------------
     0 | D:1      | pkoi the Minotaur Gladiator began the quest for the Orb.
     0 | D:1      | Reached XP level 1. HP: 18/18 MP: 0/0
    30 | D:1      | Reached skill level 4 in Axes
    92 | D:1      | Reached XP level 2. HP: 19/25 MP: 1/1
   486 | D:1      | Found a faded altar of an unknown god.
   675 | D:1      | Reached skill level 5 in Axes
   698 | D:1      | Reached XP level 3. HP: 29/30 MP: 2/2
  1478 | D:2      | Found Nug Oram's Distillery.
  1535 | D:2      | Bought a potion of degeneration for 10 gold pieces
  1535 | D:2      | Bought a potion of mutation for 80 gold pieces
  1695 | D:2      | Reached XP level 4. HP: 37/37 MP: 3/3
  2078 | D:3      | Reached skill level 6 in Axes
  3314 | D:3      | Reached XP level 5. HP: 32/42 MP: 4/4
  3781 | D:4      | Reached skill level 7 in Axes
  3781 | D:4      | Reached skill level 1 in Armour
  4106 | D:4      | Reached XP level 6. HP: 51/51 MP: 5/5
  4186 | D:4      | Noticed a water moccasin
  4328 | D:4      | Killed a water moccasin
  4330 | D:4      | HP: 2/51 [poisoned by a water moccasin]
  4331 | D:4      | Succumbed to a water moccasin's poison

Illustrated notes

Levels and vault maps discovered:
D:1:      sevenhm_arrival_forest_fort_large_4, layout_basic,
          ebering_ecumenical_altar_petrified
D:2:      layout_basic, serial_shops, nicolae_shop_waterfront, corexii_shack,
          kennysheep_nub
D:3:      layout_basic, kennysheep_big_empty_room, minmay_ruptured
D:4:      layout_basic

Skill      XL: |  1  2  3  4  5  6 |
---------------+-------------------+-----
Axes           | 4 5 6 7 |  7.6
Armour         | 1 2 |  2.2
Fighting       | 3 |  3.5
Dodging        | 4 |  4.1
Throwing       | |  2.8

Action                   |  1- 3 |  4- 6 || total
-------------------------+-------+-------++-------
Melee: War axe           |    97 |    80 ||   177
       Headbutt          |    13 |    13 ||    26
  Use: Scroll            |     1 |     3 ||     4
       Potion            |     1 |       ||     1
Armor: Leather armour    |    29 |    23 ||    52
Dodge: Dodged            |    73 |    47 ||   120
